 Dungeon Crawl Stone Soup version 0.29.0-4-gdea44cf6ec (webtiles) character file.

Game seed: 9858249001135943532

26 nicolae the Shooter (level 2, -2/25 HPs)
             Began as a Minotaur Hunter on Aug 27, 2022.
             Killed from afar by Crazy Yiuf (8 damage)
             ... with a puff of flame
             ... on level 2 of the Dungeon.
             The game lasted 00:03:06 (1064 turns).

nicolae the Shooter (Minotaur Hunter)               Turns: 1064, Time: 00:03:07

Health: -2/25      AC:  4    Str: 15    XL:     2   Next: 89%
Magic:  0/1        EV: 12    Int:  6    God:
Gold:   28         SH:  0    Dex: 15    Spells: 1/1 levels left

rFire   . . .      SeeInvis .   a - +0 shortbow
rCold   . . .      Faith    .   (shield currently unavailable)
rNeg    . . .      Spirit   +   c - +0 leather armour
rPois   .          Reflect  .   (helmet restricted)
rElec   .          Harm     .   (no cloak)
rCorr   .          Rampage  .   (no gloves)
Will    .....                   g - +0 pair of boots
Stlth   +.........              m - amulet "Bahyu" {Spirit Dex+2}
HPRegen 0.08/turn               (no ring)
MPRegen 0.07/turn               (no ring)

@: no status effects
A: horns 2, retaliatory headbutt
a: no special abilities


You were on level 2 of the Dungeon.
You visited 1 branch of the dungeon, and saw 2 of its levels.

You collected 28 gold pieces.

Inventory:

Hand Weapons
 a - a +0 shortbow (weapon)
Armour
 c - a +0 leather armour (worn)
 g - a +0 pair of boots (worn)
Jewellery
 m - the amulet "Bahyu" (around neck) {Spirit Dex+2}
   (You took it off a goblin on level 2 of the Dungeon)

   [amulet of guardian spirit]

   It causes incoming damage to be divided between your reserves of health and
   magic.
   Dex:       It affects your dexterity (+2).
Scrolls
 b - 2 scrolls of immolation
 d - a scroll of silence
 f - a scroll of noise {unknown}
 j - a scroll of identify {unknown}
 k - a scroll of vulnerability {unknown}
Potions
 e - a potion of lignification {unknown}
 h - a potion of resistance {unknown}
 i - a potion of ambrosia {unknown}
 l - a potion of brilliance {unknown}


   Skills:
 - Level 2.4 Fighting
 + Level 5.4 Ranged Weapons
 - Level 2.1 Dodging
 - Level 0.7 Stealth


You had one spell level left.
You didn't know any spells.
Your spell library was empty.

Dungeon Overview and Level Annotations

Branches:
Dungeon (2/15)

Altars:

Shops:
D:1 (

Annotations:
D:2 Crazy Yiuf


Innate Abilities, Weirdness & Mutations

You have a pair of horns on your head.
You reflexively headbutt those who attack you in melee.


Message History

b - 2 scrolls of immolation (gained 1)
Found a runed translucent door.
Crazy Yiuf shouts!
A goblin comes into view.
It is wielding a +0 dagger and wearing the amulet "Bahyu" {Spirit Dex+2}.
The goblin moves out of view.
You shoot an arrow. The arrow closely misses the goblin.
You shoot an arrow. The arrow hits the goblin!
You kill the goblin!
No target in view!
m - the amulet "Bahyu" {Spirit Dex+2} You see here a +0 dagger.
You start putting on your amulet.
You continue putting on the amulet "Bahyu" {Spirit Dex+2}. x5
You finish putting on the amulet "Bahyu" {Spirit Dex+2}.
You feel your power drawn to a protective spirit.
You feel agile.
m - the amulet "Bahyu" (around neck) {Spirit Dex+2}
Found 6 gold pieces.
You now have 28 gold pieces (gained 6).
Press: ? - help, v - describe, . - travel
Here: Crazy Yiuf, wielding a +2 quarterstaff of chaos, wearing a +0 cloak and carrying a wand of flame (12) (wandering, hasn't noticed you, fire blocked by a runed translucent door)
The floor.
You open the door.
Crazy Yiuf shouts!
Crazy Yiuf attacks as you move away! Crazy Yiuf barely misses you.
Okay, then.
Crazy Yiuf grits, "Peeping!
Cake leg hand."
You shoot an arrow. The arrow hits Crazy Yiuf.
Crazy Yiuf is lightly wounded.
Crazy Yiuf hits you with a +2 quarterstaff of chaos.
Crazy Yiuf burns you.
You shoot an arrow. The arrow barely misses Crazy Yiuf.
Crazy Yiuf zaps a wand.
The puff of flame hits you.
You shoot an arrow. The arrow hits Crazy Yiuf.
Crazy Yiuf is moderately wounded.
Crazy Yiuf laughs, "Leather!
Nubble return to song Xom."
Crazy Yiuf zaps a wand.
The puff of flame hits you!
* * * LOW HITPOINT WARNING * * *
Crazy Yiuf zaps a wand.
The puff of flame hits you!
You die...

........#
#....#
####....#
#....# #....#
#....# .#
#....# #....#
.# #....#
#....########.#
#....#
#.............#
######
#.............#
#....###......#
## ##.@##
#.....## #<
♣..g.♣
#.....### ##
♣♣...♣
#.......###
♣♣.♣♣
#######.#.#
♣♣.♣ #...# ♣.♣♣
#..#### ♣♣.♣
#...... ♣.♣♣
#.##### #'# #.#


You could see Crazy Yiuf.

Vanquished Creatures
  2 bats (D:1)
  2 giant cockroaches (D:1)
  2 hobgoblins
  3 kobolds (D:1)
  A quokka (D:1)
  3 ball pythons (D:1)
  5 goblins
  6 rats (D:1)
24 creatures vanquished.

Notes
Turn   | Place    | Note
-------+----------+-------------------------------------------
     0 | D:1      | nicolae the Minotaur Hunter began the quest for the Orb.
     0 | D:1      | Reached XP level 1. HP: 18/18 MP: 0/0
   139 | D:1      | Reached XP level 2. HP: 25/25 MP: 1/1
   178 | D:1      | Reached skill level 5 in Ranged Weapons
   435 | D:1      | Found Riurimez's Weapon Shoppe.
   957 | D:2      | Found a runed translucent door.
   958 | D:2      | Noticed Crazy Yiuf
   989 | D:2      | Identified the amulet "Bahyu" {Spirit Dex+2}
  1064 | D:2      | Killed from afar by Crazy Yiuf

Illustrated notes

Levels and vault maps discovered:
D:1:      evilmike_arrival_rings, layout_basic, serial_shops,
          nicolae_diamond_shop, serial_bayou_pond_e, lemuel_flame_loot_1
D:2:      layout_basic, hellmonk_ecumenical_altar_leap_of_faith,
          uniq_crazy_yiuf_cottage

Skill      XL: |  1  2 |
---------------+-------+-----
Ranged Weapons | 5 |  5.4
Fighting       | |  2.4
Dodging        | |  2.1
Stealth        | |  0.7

Action                   || total
-------------------------++-------
 Fire: Shortbow          ||    57
  Use: Scroll            ||     1
Armor: Leather armour    ||     4
Dodge: Dodged            ||     6
